Cogmind - Beta 11.1 @@@ ROGUE MODE // 2022.09.20 @ 17:34:41 Player: DuckBoy Result: Destroyed by as-15725 with Assembled Maul Performance ------------- Evolutions (1) 500 Regions Visited (5) 1000 Robots Destroyed (81) 405 Value Destroyed (2022) 2022 Prototype IDs (4) 80 Alien Tech Used (0) 0 Bonus (206) 206 TOTAL SCORE: 4213 Bonus ------- High Alert Combat Kills 206 Cogmind --------- Core Integrity 0/400 Matter 291/300 Energy 100/100 System Corruption 18% Temperature Cool (0) Movement Treading (240) Ox1 Location -9/Exiles Parts ------- > --- POWER (1) -------- (None) > --- PROPULSION (2) --- Light Treads > --- UTILITY (4) ------ Large Storage Unit > --- WEAPON (2) ------- High-powered Shotgun High-powered Shotgun > --- INVENTORY (15) --- Improved Ion Engine Improved Ion Engine Improved Ion Engine Improved Aluminum Leg Improved Aluminum Leg Cryofiber Web Improved Signal Interpreter Improved Terrain Scanner Advanced Targeting Computer Light Armor Plating Advanced Beam Cannon High-powered Shotgun High-powered Shotgun Grenade Launcher Mining Laser Peak State ------------ > --- POWER ------------ Improved Ion Engine > --- PROPULSION ------- Armored Treads Advanced Treads > --- UTILITY ---------- Large Storage Unit Experimental Sensor Array Hacking Suite > --- WEAPON ----------- Improved Assault Rifle Minigun > --- INVENTORY -------- Light Ion Engine Improved Ion Engine Light Treads Improved Treads Improved Treads Aluminum Leg Aluminum Leg Cryofiber Web Improved Terrain Scanner Advanced Targeting Computer Improved EM Shotgun Improved Assault Rifle Improved Assault Rifle Grenade Launcher Mining Laser [Rating: 30] Favorites ----------- Power Light Ion Engine Engine Light Ion Engine Power Core Light Nuclear Core Propulsion Light Treads Treads Light Treads Leg Aluminum Leg Wheel Wheel Utility Hacking Suite Device Experimental Sensor Array Storage Large Storage Unit Hackware Hacking Suite Protection Light Armor Plating Weapon Assault Rifle Energy Gun EM Pulse Gun Energy Cannon Advanced Beam Cannon Ballistic Gun Assault Rifle Launcher Grenade Launcher Special Weapon Mining Laser Build | -11 -10 -10 -9 -9 -9 ------- Run | Scr Mat Min Mat Min Exi Slots Evolved 2 | . . . 2 . . Power . | . . . . . . Propulsion . | . . . . . . Utility 2 | . . . 2 . . Weapon . | . . . . . . Parts Attached 72 | 8 11 4 48 1 . Power 8 | 1 1 . 6 . . Engine 7 | 1 1 . 5 . . Core 1 | . . . 1 . . Reactor . | . . . . . . Propulsion 14 | 2 5 2 5 . . Treads 7 | . . 2 5 . . Leg 5 | . 5 . . . . Wheel 2 | 2 . . . . . Hover . | . . . . . . Flight . | . . . . . . Utility 14 | 3 1 1 8 1 . Device 6 | 2 . 1 3 . . Storage 3 | 1 1 . 1 . . Processor . | . . . . . . Hackware 2 | . . . 2 . . Protection 3 | . . . 2 1 . Artifact . | . . . . . . Weapon 36 | 2 4 1 29 . . Energy Gun 4 | 2 . . 2 . . Energy Cannon 2 | . . . 2 . . Ballistic Gun 20 | . 4 . 16 . . Ballistic Cannon . | . . . . . . Launcher 5 | . . 1 4 . . Special Weapon 5 | . . . 5 . . Impact Weapon . | . . . . . . Slashing Weapon . | . . . . . . Piercing Weapon . | . . . . . . Special Melee Weapon . | . . . . . . Unidentified Prototypes 4 | . . 1 3 . . Parts Lost 23 | . 2 . 16 . 5 Power 4 | . . . 3 . 1 Propulsion 6 | . 2 . 3 . 1 Utility 6 | . . . 3 . 3 Weapon 7 | . . . 7 . . Highest Loss Streak 5 | . 1 . 5 . 5 To Critical Strikes . | . . . . . . Average Slot Usage (%) 96 | . 98 100 93 100 99 Engine 10 | . 14 14 8 11 10 Core 1 | . . . 2 . . Treads 16 | . . 17 21 22 22 Leg 7 | . 25 10 . . . Device 10 | . 14 14 10 . . Storage 12 | . 14 14 11 11 11 Hackware 10 | . . . 15 22 22 Protection 2 | . . . 2 10 11 Ballistic Gun 19 | . 26 18 16 22 22 Launcher 2 | . . 9 1 . . Naked Turns . | . . . . . . Heaviest Build 37 | 15 28 29 37 36 36 Greatest Support 46 | 20 20 42 46 40 40 Greatest Overweight (x) 1 | . 1 1 1 . . Average Overweight (x) . | . . . . . . Largest Inventory Capacity 15 | 8 15 15 15 15 15 Average Capacity 13 | 6 8 15 15 15 15 Most Carried 15 | . 9 15 15 15 15 Average Carried 11 | . 5 13 13 15 15 Final Capacity 15 | 8 15 15 15 15 15 Final Carried 15 | . 9 15 15 15 15 Class Distribution -------------------- 49% | Mutant 47% | Scavenger-Mutant 3% | Hacker-Mutant Dominant Class ---------------- Scavenger-Mutant | -10/Materials Mutant | -10/Mines Mutant | -9/Materials Scavenger-Mutant | -9/Mines Scavenger-Mutant | -9/Exiles Resources | -11 -10 -10 -9 -9 -9 ----------- Run | Scr Mat Min Mat Min Exi Matter Collected 2564 | 280 471 187 1424 163 39 Remotely 103 | 103 . . . . . Salvage Created 2596 | 122 573 59 1803 . 39 Parts 195 | 12 45 11 124 . 3 Haulers Intercepted 4 | . . . 4 . . Recyclers Shooed 1 | . . 1 . . . Parts Field Recycled . | . . . . . . Retrieved Matter . | . . . . . . Parts Self-Destructed . | . . . . . . Prevented . | . . . . . . Kills | -11 -10 -10 -9 -9 -9 ------- Run | Scr Mat Min Mat Min Exi Combat Hostiles Destroyed 65 | . 15 6 44 . . Guns 44 | . 15 1 28 . . Cannons 5 | . . . 5 . . AOE 16 | . . 5 11 . . Classes Destroyed 11 | 2 4 . 5 . . Worker 2 | . . . 2 . . Builder 2 | . . . 2 . . Tunneler 2 | 2 . . . . . Hauler 4 | . . . 4 . . Recycler 1 | 1 . . . . . Operator 3 | . 2 . 1 . . Watcher 6 | . 3 . 3 . . Swarmer 18 | . 5 6 7 . . Grunt 38 | . 10 . 28 . . Duelist 1 | . . . 1 . . Sentry 8 | . . . 8 . . Best Kill Streak 12 | 2 6 4 12 . . Combat Bots Only 9 | . 4 4 9 . . Max Kills in Single Turn 3 | 1 1 3 2 . . Gunslinging 1 | . . . 1 . . Exploded 3 | . . 3 2 . . Melee . | . . . . . . Uniques/NPCs Destroyed . | . . . . . . Combat | -11 -10 -10 -9 -9 -9 -------- Run | Scr Mat Min Mat Min Exi Damage Taken 3992 | . 733 116 2630 15 498 Core 548 | . 111 35 329 . 73 Absorbed by Shields . | . . . . . . Regen/Repaired (Parts) 59 | . 59 . . . . Core Remaining (%) 70 | 100 . 41 . . . Volleys Fired 278 | 3 81 27 165 . 2 Largest 2 | 2 2 2 2 . 2 Hottest 100 | 80 80 40 100 . 50 Shots Fired 477 | 6 162 30 274 . 5 Gun 390 | 6 162 6 211 . 5 Cannon 22 | . . . 22 . . Launcher 43 | . . 24 19 . . Special 22 | . . . 22 . . Kinetic 353 | . 139 6 203 . 5 Thermal 43 | . . . 43 . . Explosive 43 | . . 24 19 . . Electromagnetic 38 | 6 23 . 9 . . Robot Hit Streak 13 | 4 9 5 13 . 2 Robot Miss Streak 6 | 1 6 2 4 . 5 Penetration Max . | . . . . . . Secondary Targets 5 | . 1 . 4 . . Max Gunslinging Chain 1 | . 1 . 1 . . Shots Hit Robots 276 | 5 86 4 178 . 3 Core Hits 137 | 3 34 7 92 . 1 Critical Kills 1 | . . . 1 . . Critical Parts Destroyed 2 | . 1 . 1 . . Critical Strikes 4 | 1 1 . 2 . . Destroy 3 | . 1 . 2 . . Corrupt 1 | 1 . . . . . Melee Attacks . | . . . . . . Impact . | . . . . . . Slashing . | . . . . . . Piercing . | . . . . . . Sneak Attacks . | . . . . . . Combat Hostiles . | . . . . . . Follow-up Attacks . | . . . . . . Damage Inflicted 5584 | 70 1115 295 4005 . 99 Guns 3730 | 70 1115 33 2413 . 99 Cannons 391 | . . . 391 . . Explosions 1463 | . . 262 1201 . . Melee . | . . . . . . Ramming . | . . . . . . Kinetic 3443 | . 1050 33 2261 . 99 Thermal 370 | . . . 370 . . Explosive 1463 | . . 262 1201 . . Electromagnetic 308 | 70 65 . 173 . . Impact . | . . . . . . Slashing . | . . . . . . Piercing . | . . . . . . Highest Corruption 12 | . 1 1 12 12 12 Average Corruption 6 | . 1 1 8 12 12 Corruption Purged . | . . . . . . Corruption Blocked . | . . . . . . Effects 105 | . 1 7 79 12 6 Message Errors 23 | . 1 2 18 2 . Matter Fused 29 | . . . 21 6 2 Heat Flow Errors 8 | . . 1 4 1 2 Energy Discharges 13 | . . 2 9 1 1 Parts Rejected 1 | . . . 1 . . Data Loss (minor) 15 | . . 1 13 1 . Data Loss (major) 7 | . . . 6 1 . Misfires 5 | . . . 4 . 1 Alerts 2 | . . 1 1 . . Weapon Failures 2 | . . . 2 . . Overload Shots . | . . . . . . Overflow Damage 81 | . . 5 76 . . Projectiles . | . . . . . . Explosions 81 | . . 5 76 . . Melee . | . . . . . . Knockbacks . | . . . . . . Impact . | . . . . . . Kinetic . | . . . . . . Secondary . | . . . . . . Self-Inflicted Damage 149 | . . 76 73 . . Shots 6 | . . 3 3 . . Rammed . | . . . . . . Targets Rammed . | . . . . . . Kicked . | . . . . . . Crushed . | . . . . . . Highest Temperature 289 | 18 198 208 289 241 191 Average Temperature 59 | 12 90 112 48 119 88 Received Heat Transfer 1392 | . 252 . 1131 9 . Effects 1 | . . . 1 . . Interference 1 | . . . 1 . . Siege Activations . | . . . . . . Robots Corrupted . | . . . . . . Combat Hostiles . | . . . . . . Parts Fried 2 | . 1 . 1 . . Impact Corruptions . | . . . . . . Robots Melted . | . . . . . . Combat Hostiles . | . . . . . . Parts Melted . | . . . . . . Heat Transferred 666 | . . . 666 . . Parts Sabotaged . | . . . . . . Parts Stolen . | . . . . . . Parts Stripped . | . . . . . . Power Chain Reactions . | . . . . . . Missiles Intercepted . | . . . . . . Alert | -11 -10 -10 -9 -9 -9 ------- Run | Scr Mat Min Mat Min Exi Peak Influence 654 | 15 398 270 654 145 . Initial 130 | . 9 25 46 130 . Average 248 | 4 189 135 342 134 . Maximum Alert Level 2 | . 1 1 2 . . Low Security (%) 47 | 100 49 57 31 100 . Level 1 34 | . 50 42 30 . . Level 2 18 | . . . 37 . . Level 3 . | . . . . . . Level 4 . | . . . . . . Level 5 . | . . . . . . High Security . | . . . . . . Max Security . | . . . . . . Squads Dispatched 18 | . 5 1 12 . . Investigation 10 | . 1 1 8 . . Extermination . | . . . . . . Reinforcement 6 | . 4 . 2 . . Assault 2 | . . . 2 . . Garrison . | . . . . . . Intercept . | . . . . . . Searches Triggered . | . . . . . . Construction Impeded . | . . . . . . Haulers Reinforced . | . . . . . . Active Scanning Responses . | . . . . . . Cargo Convoy Interrupts . | . . . . . . Stealth | -11 -10 -10 -9 -9 -9 --------- Run | Scr Mat Min Mat Min Exi Distress Signals 6 | . 1 . 5 . . Communications Jammed . | . . . . . . Distress Signals . | . . . . . . Times Spotted 109 | . 24 9 67 2 7 Peak Tracking Total 12 | . 4 5 7 2 12 Tactical Retreats 6 | . 2 1 2 . 1 Traps | -11 -10 -10 -9 -9 -9 ------- Run | Scr Mat Min Mat Min Exi Traps Triggered 3 | . 1 . 2 . . Indirectly . | . . . . . . Trap Hack Attempts . | . . . . . . Triggered . | . . . . . . Disarmed . | . . . . . . Reprogrammed . | . . . . . . Reused . | . . . . . . Traps Extracted . | . . . . . . Installed . | . . . . . . Triggered . | . . . . . . Machines | -11 -10 -10 -9 -9 -9 ---------- Run | Scr Mat Min Mat Min Exi Machines Disabled 4 | . . 1 2 . 1 Max in Single Turn 1 | . . 1 1 . 1 Machines Sabotaged . | . . . . . . Garrisons Compromised . | . . . . . . Overloaded Fab Kills . | . . . . . . Hacking | -11 -10 -10 -9 -9 -9 --------- Run | Scr Mat Min Mat Min Exi Machines Accessed 19 | . 5 2 12 . . Terminals 15 | . 4 1 10 . . Fabricators . | . . . . . . Repair Stations 1 | . 1 . . . . Recycling Units . | . . . . . . Scanalyzers 2 | . . . 2 . . Garrison Access . | . . . . . . Total Hacks 80 | . 19 4 57 . . Successful 50 | . 10 3 37 . . Failed 30 | . 9 1 20 . . Catastrophic 5 | . 1 . 4 . . Database Lockouts . | . . . . . . Manual 42 | . 13 . 29 . . Terminals 62 | . 17 3 42 . . Fabricators . | . . . . . . Repair Stations 2 | . 2 . . . . Recycling Units . | . . . . . . Scanalyzers 15 | . . . 15 . . Garrison Access . | . . . . . . Terminal Hacks 28 | . 6 3 19 . . Part Schematic 2 | . . . 2 . . Robot Analysis 3 | . 1 . 2 . . Open Door 1 | . . 1 . . . Branch Access Points 2 | . 1 . 1 . . Terminal Index 1 | . . . 1 . . Scanalyzer Index 1 | . . . 1 . . Alert Level 4 | . 1 . 3 . . Unreport Threat 6 | . 1 . 5 . . Locate Traps 2 | . 1 . 1 . . Dispatch Records 2 | . . 1 1 . . Recall Investigation 2 | . . . 2 . . Recall Reinforcements 1 | . 1 . . . . Zone Layout 1 | . . 1 . . . Fabricator Hacks . | . . . . . . Repair Station Hacks 2 | . 2 . . . . Scan Component 1 | . 1 . . . . Repair 1 | . 1 . . . . Recycling Unit Hacks . | . . . . . . Scanalyzer 12 | . . . 12 . . Insert Component 3 | . . . 3 . . Analyze 9 | . . . 9 . . Garrison Access Hacks . | . . . . . . Unauthorized Hacks 7 | . 2 . 5 . . Terminals 7 | . 2 . 5 . . Assimilate 1 | . . . 1 . . Botnet 5 | . 2 . 3 . . Operators 1 | . . . 1 . . Fabricators . | . . . . . . Repair Stations . | . . . . . . Recycling Units . | . . . . . . Scanalyzers . | . . . . . . Garrison Access . | . . . . . . Data Cores Recovered . | . . . . . . Used . | . . . . . . Hacking Detections 17 | . 5 . 12 . . Full Trace Events 10 | . 3 . 7 . . Feedback Events 2 | . 1 . 1 . . Corruption 2 | . 1 . 1 . . Feedback Blocked . | . . . . . . Robot Schematics Acquired . | . . . . . . Robots Built . | . . . . . . Authchips . | . . . . . . Time . | . . . . . . Total Robot Build Rating . | . . . . . . Part Schematics Acquired 4 | . . . 4 . . Parts Built . | . . . . . . Authchips . | . . . . . . Time . | . . . . . . Total Part Build Rating . | . . . . . . Parts Repaired 1 | . 1 . . . . Time 13 | . 13 . . . . Parts Recycled . | . . . . . . Recycled Matter . | . . . . . . Retrieved Matter . | . . . . . . Retrieved Components . | . . . . . . Parts Scanalyzed 3 | . . . 3 . . Part Schematics Acquired 2 | . . . 2 . . Parts Damaged . | . . . . . . Bothacking | -11 -10 -10 -9 -9 -9 ------------ Run | Scr Mat Min Mat Min Exi Used RIF Installer . | . . . . . . Robots Hacked . | . . . . . . Non-combat . | . . . . . . Combat . | . . . . . . Robot Hacks Applied . | . . . . . . Relay Couplers Released . | . . . . . . Fabnet Peak Effective % . | . . . . . . Robots Rewired . | . . . . . . Allies Hacked . | . . . . . . Hacks Repelled . | . . . . . . Allies | -11 -10 -10 -9 -9 -9 -------- Run | Scr Mat Min Mat Min Exi Total Allies . | . . . . . . Largest Group . | . . . . . . Highest-Rated Group . | . . . . . . Highest-Rated Ally . | . . . . . . Total Orders . | . . . . . . Ally Attacks . | . . . . . . Total Damage . | . . . . . . Kills . | . . . . . . Allies Corrupted . | . . . . . . Allies Melted . | . . . . . . Intel | -11 -10 -10 -9 -9 -9 ------- Run | Scr Mat Min Mat Min Exi Robot Analysis Total 3 | . 1 . 2 . . Derelict Logs Recovered 4 | . . 3 . 1 . Drone Launches . | . . . . . . Drone Recoveries . | . . . . . . Exploration | -11 -10 -10 -9 -9 -9 ------------- Run | Scr Mat Min Mat Min Exi Turns Passed 4857 | 65 1017 884 2342 388 161 Spaces Moved 2379 | 51 547 482 959 242 98 Core 2 | 2 . . . . . Treads 1625 | . . 326 959 242 98 Legs 685 | . 529 156 . . . Wheels 67 | 49 18 . . . . Hover . | . . . . . . Flight . | . . . . . . Fastest Speed 50 | 50 80 157 157 160 160 Average Speed 152 | 78 127 167 159 160 160 Slowest Speed 250 | 80 190 250 250 160 160 Overloaded Moves . | . . . . . . Propulsion Burnouts . | . . . . . . Robots Hopped . | . . . . . . Cave-ins Triggered . | . . . . . . Exploration Rate (%) 57 | 5 79 96 73 58 32 Regions Visited 5 Branch Regions 3 Pre-discovered Areas 2 | . . 2 . . . Known Exits Taken 2 | . 1 . 1 . . Unknown Exits Taken 3 | 1 . 1 . 1 . Scrap Searched 2 | . . 1 . 1 . Spaces Dug 141 | . . 96 45 . . Terrain Destroyed 317 | . . 182 135 . . Melee . | . . . . . . Projectile 21 | . . . 21 . . AOE 296 | . . 182 114 . . Terrain Rammed . | . . . . . . Walls Destroyed . | . . . . . . Machines Disabled . | . . . . . . Actions | -11 -10 -10 -9 -9 -9 --------- Run | Scr Mat Min Mat Min Exi Total 3103 | 66 703 526 1466 242 100 Wait 299 | 4 47 3 245 . . Move 2374 | 50 546 481 958 241 98 Hop . | . . . . . . Pick Up 45 | . 10 6 29 . . Fast Attach 20 | 8 5 2 5 . . Attach 18 | . 1 . 17 . . Detach 2 | . . . 2 . . Swap 34 | . 5 2 26 1 . Drop 30 | 1 8 2 19 . . Fire 278 | 3 81 27 165 . 2 Melee . | . . . . . . Ram . | . . . . . . Kick . | . . . . . . Crush . | . . . . . . Escape Stasis . | . . . . . . Rewire 3 | . . 3 . . . Trap . | . . . . . . Miscellaneous . | . . . . . . Route ------- -11/Scrapyard -10/Materials (discovered 3 exits: *Mat x2 / *Min) -10/Mines (discovered 2 exits: *Mat x2) -9/Materials (discovered 4 exits: [*Mat x2] / *Min x2) -9/Mines (discovered 2 exits: [*Mat] / [*Exi]) -9/Exiles (discovered 1 exit: [*Min]) History --------- Turn | Location | Event 28 | -11/Scrapyard | Discovered new exit (range 14) 66 | -11/Scrapyard | Entered Materials 194 | -10/Materials | Discovered new exit (range 15) 317 | -10/Materials | Build established: Mutant 373 | -10/Materials | Repaired Assault Rifle 622 | -10/Materials | Build established: Scavenger-Mutant 683 | -10/Materials | Identified exit to Mines 852 | -10/Materials | Discovered new exit (range 15) 1083 | -10/Materials | Entered Mines 1115 | -10/Mines | Discovered new exit (range 7) 1227 | -10/Mines | Found a damaged Exp. Sensor Array with a note attached 1231 | -10/Mines | Found Prototype Device 1232 | -10/Mines | Identified Exp. Sensor Array 1398 | -10/Mines | Met a Derelict shopkeep closing up shop 1466 | -10/Mines | Discovered new exit (range 10) 1547 | -10/Mines | Build established: Mutant 1551 | -10/Mines | Core integrity fell below 50% 1746 | -10/Mines | Learned location of Mines (-8) 1751 | -10/Mines | Learned location of Zion (-6) 1967 | -10/Mines | Entered Materials 1967 | -9/Materials | Evolved 2 slots: Utility x2 2676 | -9/Materials | Destroyed 9 combat bots 2677 | -9/Materials | Lost 4 parts (1u3w) 2767 | -9/Materials | First assault squad dispatched 2837 | -9/Materials | Lost 3 parts (2n1w) 2891 | -9/Materials | System corruption reached 10% 2905 | -9/Materials | Core integrity fell below 50% 2928 | -9/Materials | Identified exit to Mines 2933 | -9/Materials | Lost 5 parts (1p2u2w) 3648 | -9/Materials | Discovered new exit (range 15) 3763 | -9/Materials | Build established: Scavenger-Mutant 4067 | -9/Materials | Discovered new exit (range 10) 4205 | -9/Materials | Core integrity fell below 20% 4309 | -9/Materials | Entered Mines 4312 | -9/Mines | Assembled infested the area 4327 | -9/Mines | Met a Derelict bent on vengeance 4346 | -9/Mines | Met 8R-AWN 4461 | -9/Mines | Discovered new exit (range 13) 4583 | -9/Mines | Joined a pair of Derelicts in attacking an 0b10 outpost 4689 | -9/Mines | Discovered new exit (range 5) 4697 | -9/Mines | Entered Exiles 4718 | -9/Exiles | Discovered new exit (range 15) 4736 | -9/Exiles | Welcomed by 8R-AWN 4761 | -9/Exiles | Met EX-HEX 4846 | -9/Exiles | Attacked by the Exiles 4858 | -9/Exiles | Destroyed by as-15725 with Assembled Maul Last Messages --------------- out! Anyway, I've got to get back to poking and prodding these nasty little guys. Go see BIN. I can't imagine you'll want to stay in our boring little cave for long, and we could use some help with the project in the back. 04784_ System corrupted: Heat flow error (+160). 04817_ System corrupted: Energy discharge (-90). 04846_ System corrupted: FCS attempts to trigger Hpw. Shotgun. 04846_ System corrupted: Hpw. Shotgun misfires. 04846_ EXILES: Hostile robot within lab perimeter. Defensive protocols time, folks! 04846_ A-02 Transporter destroyed. 04849_ Imp. Ion Engine destroyed. 04849_ Acquired 39 matter. 04851_ Lgt. Armor Plating destroyed. 04853_ Lgt. Treads destroyed. 04857_ Machine disabled. 04858_ Hacking Suite destroyed. 04858_ System corrupted by crushing effect (+5). 04858_ System corrupted by crushing effect (+1). Map ----- +----------------------------------------------------+ | ?????????????????????????????????????????????????? | | ?????????????????????????????????????????????????? | | ?????????????????????????????????????????????????? | | ?????????????????????????????????????????????????? | | ?????????????????????????????????????????????????? | | ?????????????????????????????????????????????????? | | ?????????????????????????????????????????????????? | | ???????????????????????????? #??????????????????? | | ???????????????????????????? #????###########??? | | ??????????????????????????? #####"""""""""##?? | | ??????????????????????????? " """ """"##? | | ?????????????????????????? "" " #? | | ?????????????????????????? " """#? | | ?????????????????????????? " "#? | | ????????????????????????? " "## | | ????????????????????????? ""# | | ??????????????????????????"" "" | | ???????????????????????????""" | | ?????????? ?????????????????##""" | | ????????? ??????????????????#""" | | ????????? ????????????????#"""" | | ???????? ??????????????##"" | | ???????? #??#####??####"""" | | ??????? ##aa ####""" | | ??????? % *=" "" | | ??????? @aa ac | | ??????? aaa a | | ??????? %% %% " | | ??????? " "" """ | | ???????? ""## ##""" " " ""#" | | ???????? ""#### ######""" """##""""""" | | ????????? """"#???# #????###""""########## | | ????????? """???## ####????#####????????? | | ????????? ""#???#! "!#?????????????????? | | ?????????? ""??????#" !#?????????????????? | | ?????????? ????????#" "#?????????????????? | | ??????????? ???????????#!!""!"#?????????????????? | | ????????????????????????########?????????????????? | | ?????????????????????????????????????????????????? | | ?????????????????????????????????????????????????? | | ?????????????????????????????????????????????????? | | ?????????????????????????????????????????????????? | | ?????????????????????????????????????????????????? | | ?????????????????????????????????????????????????? | | ?????????????????????????????????????????????????? | | ?????????????????????????????????????????????????? | | ?????????????????????????????????????????????????? | | ?????????????????????????????????????????????????? | | ?????????????????????????????????????????????????? | | ?????????????????????????????????????????????????? | +----------------------------------------------------+ Best States ------------- Heat Dissipation 28 Energy Generation 14 Energy Capacity 265 Matter Stores 300 Matter Capacity 300 Sight Range 16 Robot Scan Range 20 Terrain Scan Range 16 Terrain Scan Density 10 Base Temperature (-) 100 Armor Coverage 150 Evasion (%) 55 Recoil Reduction 2 Offensive Hacking 20 Item Schematics ----------------- Hacking Suite | -9/Materials | Scanalyzed Adv. Targeting Computer | -9/Materials | Scanalyzed System Shield | -9/Materials | Hacked Arm. Wheel | -9/Materials | Hacked Robot Schematics ------------------ None Fabricated ------------ Nothing Alien Tech Used ----------------- None Achievements -------------- None Challenges ------------ None Game ------ Seed ActuatorComponentProjector Manual? 0 Play Time 00:44:17 Cumulative 121.1 hours Start 2022.09.20 @ 16:50:42 End 2022.09.20 @ 17:34:41 Sessions 1 Manual Loads 0 Difficulty Rogue Special Mode None Game No. 93 Rogue 90 Adventurer 3 Explorer 0 Win Type - Total 1 Types 1/0/0/0/0/0/0/0/0 Lore% 53 Gallery% 51 Achievement% 46 Wizard Run 0 Options --------- ASCII 0 Keyboard 0 Movement Numpad Keybinds 0 Fullscreen 1 Font 18/SmallcapsGlow Map View 76x50 Tactical HUD 1 Map Filters NONE Filters NONE Steam 1 RUN: 65e997f2-f6b6-4b67-bbab-5877881a188f